 Dungeon Crawl Stone Soup version 0.19.5 (webtiles) character file.

390 devil0150 the Magician (level 6, -4/38 HPs)
             Began as a High Elf Wizard on Apr 10, 2017.
             Slain by an ogre
             ... wielding a +0 giant spiked club
              (11 damage)
             ... on level 4 of the Dungeon.
             The game lasted 00:16:57 (5222 turns).

devil0150 the Magician (High Elf Wizard)            Turns: 5222, Time: 00:16:58

Health: -4/38      AC:  5    Str:  7    XL:     6   Next: 50%
Magic:  16/16      EV: 13    Int: 23    God:
Gold:   198        SH:  0    Dex: 14    Spells: 7 memorised, 1 level left

rFire  . . .     SeeInvis .     s - +2 dagger (vamp)
rCold  . . .     Gourm    .     a - +0 robe
rNeg   . . .     Faith    .     (no shield)
rPois  .         Spirit   .     y - +2 helmet
rElec  .         Reflect  .     (no cloak)
rCorr  .         Harm     .     (no gloves)
MR     .....                    (no boots)
Stlth  ++........               r - amulet of regeneration
                                (no ring)
                                (no ring)

@: no status effects
A: no striking features
a: no special abilities


You were on level 4 of the Dungeon.
You were hungry.

You visited 1 branch of the dungeon, and saw 4 of its levels.

You collected 198 gold pieces.

Inventory:

Hand Weapons
 j - a +1 club
 s - a +2 vampiric dagger (weapon)
Missiles
 l - 5 tomahawks (quivered)
 x - 17 poisoned needles
Armour
 a - a +0 robe (worn)
 b - a +0 hat
 y - a +2 helmet (worn)
Jewellery
 r - an amulet of regeneration (around neck)
Wands
 h - a wand of slowing (14/48)
Scrolls
 f - 2 scrolls of magic mapping
 u - a scroll of remove curse
Potions
 e - a potion of resistance
 g - a potion of degeneration {unknown}
 i - a potion of lignification
 m - a potion of magic
 n - 4 potions of curing {unknown}
 o - a potion of beneficial mutation {unknown}
 p - 4 potions of agility {unknown}
 q - a potion of heal wounds
 t - a potion of berserk rage {unknown}
 v - a potion of invisibility {unknown}
 w - a potion of flight {unknown}
Books
 c - a book of Minor Magic

   Spells                             Type                      Level
   a - Magic Dart                     Conjuration                  1
   b - Blink                          Translocation                2
   c - Call Imp                       Summoning                    2
   d - Repel Missiles                 Charms/Air                   2
   e - Slow                           Hexes                        2
   f - Conjure Flame                  Conjuration/Fire             3
   g - Mephitic Cloud                 Conjuration/Poison/Air       3
 z - a book of Callings

   Spells                             Type                      Level
   a - Summon Small Mammal            Summoning                    1
   b - Call Imp                       Summoning                    2
   c - Call Canine Familiar           Summoning                    3
   d - Summon Guardian Golem          Hexes/Summoning              3
   e - Summon Lightning Spire         Summoning/Air                4
   f - Summon Ice Beast               Ice/Summoning                4
Comestibles
 d - 3 bread rations
 k - 5 meat rations


   Skills:
 + Level 1.2 Fighting
 + Level 1.0 Short Blades
 + Level 3.5 Dodging
 + Level 2.4 Stealth
 + Level 6.4 Spellcasting
 + Level 3.4 Conjurations
 + Level 0.8 Summonings
 + Level 1.1 Translocations


You had one spell level left.
You knew the following spells:

 Your Spells              Type           Power        Failure   Level  Hunger
a - Magic Dart            Conj           ###.         1%          1    None
b - Blink                 Tloc           N/A          10%         2    None
c - Call Imp              Summ           ##......     12%         2    None
d - Slow                  Hex            #.......     14%         2    None
e - Conjure Flame         Conj/Fire      ###.....     14%         3    #......
f - Mephitic Cloud        Conj/Pois/Air  ##......     17%         3    #......
g - Summon Guardian Gole  Hex/Summ       #.......     21%         3    #......


Dungeon Overview and Level Annotations

Branches:
Dungeon (4/15)
 Temple: D:4-7

Altars:
Cheibriados


Message History

The ogre is heavily wounded.
The ogre hits you with a giant spiked club!
You barely miss the ogre.
The ogre is heavily wounded.
The ogre barely misses you.
You hit the ogre.
You feel better.
The ogre is heavily wounded.
You hit the ogre.
The ogre is severely wounded.
The ogre hits you with a giant spiked club!
You hit the ogre.
The ogre is severely wounded.
The ogre hits you with a giant spiked club!
* * * LOW HITPOINT WARNING * * *
You hit the ogre but do no damage.
The ogre is severely wounded.
You hit the ogre.
The ogre is almost dead.
The ogre hits you with a giant spiked club!
You die...

.............
..###.#..####
#.#...# #.#.#.###
#.#...... ++###
######.####.## .≈≈#
#........##.##
##≈###........##..#
♣O@'.#........###.#
♣.#.'...............
# #≈###.....#######.
.≈≈# #...).........
++### ###.......##..
#.......'..#
#.......####
#.###....... ..#
#..#####


You could see an ogre.

Vanquished Creatures
  A scorpion (D:4)
  A hound (D:4)
  Jessica (D:2)
  Natasha (D:2)
  A worker ant (D:4)
  Robin (D:1)
  6 gnolls
  6 adders
  An ooze (D:4)
  An adder skeleton (D:4)
  2 worms
  A dart slug (D:2)
  A leopard gecko (D:3)
  7 orcs
  8 bats
  2 giant cockroaches (D:1)
  18 goblins
  10 hobgoblins
  10 jackals
  5 kobolds
  3 quokkas
  A frilled lizard (D:2)
  8 rats
96 creatures vanquished.

Notes
Turn   | Place    | Note
-------+----------+-------------------------------------------
     0 | D:1      | devil0150 the High Elf Wizard began the quest for the Orb.
     0 | D:1      | Reached XP level 1. HP: 11/11 MP: 6/6
   180 | D:1      | Reached skill level 4 in Spellcasting
   226 | D:1      | Reached XP level 2. HP: 17/17 MP: 2/8
  1107 | D:2      | Noticed Jessica
  1117 | D:1      | Reached XP level 3. HP: 19/21 MP: 3/10
  1233 | D:2      | Killed Jessica
  1233 | D:2      | Reached skill level 5 in Spellcasting
  1469 | D:2      | Reached XP level 4. HP: 22/27 MP: 7/12
  1550 | D:2      | Noticed Robin
  1616 | D:1      | Killed Robin
  2393 | D:2      | Found a faded altar of an unknown god.
  2433 | D:2      | Noticed Natasha
  2438 | D:2      | Killed Natasha
  2438 | D:2      | Reached XP level 5. HP: 32/32 MP: 8/14
  2643 | D:2      | Learned a level 2 spell: Blink
  2646 | D:2      | Learned a level 2 spell: Call Imp
  2649 | D:2      | Learned a level 2 spell: Slow
  2653 | D:2      | Learned a level 3 spell: Conjure Flame
  2657 | D:2      | Learned a level 3 spell: Mephitic Cloud
  3262 | D:3      | Found a snail-covered altar of Cheibriados.
  3569 | D:3      | Reached skill level 6 in Spellcasting
  4593 | D:4      | Reached XP level 6. HP: 24/37 MP: 12/16
  4805 | D:4      | Reached skill level 1 in Fighting
  4918 | D:4      | Reached skill level 1 in Short Blades
  5178 | D:4      | Learned a level 3 spell: Summon Guardian Golem
  5222 | D:4      | Slain by an ogre

Skill      XL: |  1  2  3  4  5  6 |
---------------+-------------------+-----
Spellcasting   | 4 5 6 |  6.4
Conjurations   | 2 3 |  3.4
Dodging        | 3 |  3.5
Fighting       | 1 |  1.2
Short Blades   | 1 |  1.0
Stealth        | |  2.4
Summonings     | |  0.8
Translocations | |  1.1

Action                   |  1- 3 |  4- 6 || total
-------------------------+-------+-------++-------
Melee: Unarmed           |    10 |       ||    10
       Club              |       |     7 ||     7
       Dagger            |       |    92 ||    92
 Cast: Magic Dart        |    64 |   195 ||   259
  Use: Scroll            |     4 |     6 ||    10
       Potion            |     1 |       ||     1
  Eat: Chunk             |       |    11 ||    11
       Bread ration      |       |     1 ||     1
       Beef jerky        |       |     1 ||     1
Armor: Robe              |     4 |    12 ||    16
Dodge: Dodged            |    34 |    88 ||   122
